 Dungeon Crawl Stone Soup version 0.17.1-3-g152610e (webtiles) character file.

593 Reg the Skirmisher (level 7, -15/60 HPs)
             Began as a Centaur Fighter on Apr 6, 2016.
             Demolished by a gnoll
             ... wielding a +0 whip of electrocution
              (17 damage)
             ... on level 5 of the Dungeon.
             The game lasted 00:28:42 (7059 turns).

Reg the Skirmisher (Centaur Fighter)                Turns: 7059, Time: 00:28:42

Health: -15/60     AC: 13    Str: 21    XL:     7   Next: 16%
Magic:  7/7        EV:  4    Int:  7    God:
Gold:   220        SH:  9    Dex:  8    Spells: 0 memorised, 6 levels left

rFire  . . .     SeeInvis +     l - +3 mace
rCold  . . .     Clarity  .     D - +0 scale mail
rNeg   . . .     SustAt   .     c - +0 shield
rPois  .         Gourm    .     i - +1 helmet {SInv}
rElec  .         Spirit   .     (no cloak)
rCorr  .         Warding  .     (no gloves)
rMut   +         Stasis   .     B - +0 centaur barding
MR     .....                    t - amulet of resist mutation
Stlth  ..........               (no ring)
                                (no ring)

@: about to teleport, very quick, not resistant to hostile enchantments,
extremely unstealthy
A: hooves 3, deformed body, speed 2, tough skin 3
a: no special abilities


You were on level 5 of the Dungeon.
You were not hungry.

You visited 1 branch of the dungeon, and saw 5 of its levels.

You collected 220 gold pieces.

Inventory:

Hand Weapons
 a - a +0 long sword
 b - a +0 shortbow
 l - a +3 mace (weapon)
 H - a +0 flail
Missiles
 f - 36 arrows
 j - 126 stones (quivered)
 E - a throwing net
 N - 12 tomahawks
 Q - 35 sling bullets
Armour
 c - a +0 shield (worn)
 g - a +0 ring mail
 i - a +1 helmet of see invisible (worn)
 m - a +0 chain mail
 y - a +0 robe
 B - a +0 centaur barding (worn)
 D - a +0 scale mail (worn)
 L - a +0 leather armour
Jewellery
 t - an amulet of resist mutation (around neck)
Scrolls
 k - a scroll of fog {unknown}
 o - a scroll of identify
 F - 2 scrolls of remove curse
 S - a scroll of noise
Potions
 d - 3 potions of might
 h - a potion of magic {unknown}
 n - 3 potions of agility {unknown}
 p - a potion of ambrosia {unknown}
 q - 2 potions of curing {unknown}
 v - a potion of invisibility {unknown}
 x - a potion of lignification {unknown}
 z - a potion of flight {unknown}
 A - 2 potions of resistance {unknown}
 C - a potion of brilliance {unknown}
 O - a potion of heal wounds {unknown}
Comestibles
 u - a beef jerky


   Skills:
 + Level 4.3 Fighting
   Level 0.1(1.1) Short Blades
 - Level 2.0 Long Blades
 * Level 2.5 Maces & Flails
 + Level 3.6 Armour
 - Level 1.9 Dodging
 - Level 0.1 Stealth
 + Level 3.5 Shields


You had 6 spell levels left.
You didn't know any spells.

Dungeon Overview and Level Annotations

Branches:
Dungeon (5/15)
 Temple: D:4-7

Altars:
Ashenzari
Cheibriados
Dithmenos
Makhleb
Nemelex Xobeh
Okawaru
Sif Muna
Trog
Xom
Yredelemnul
Zin


Innate Abilities, Weirdness & Mutations

You have hooves in place of feet.
Armour fits poorly on your strangely shaped body.
You cover ground very quickly.
You have extremely tough skin (AC +3).


Message History

You block the gnoll's attack.
You hit the gnoll.
You kill the gnoll!
You closely miss the gnoll. Your kick misses the gnoll.
The gnoll hits you but does no damage.
You are electrocuted!
You closely miss the gnoll. You kick the gnoll, but do no damage.
The gnoll hits you but does no damage.
The gnoll hits you with a whip of electrocution.
* * * LOW HITPOINT WARNING * * *
You are electrocuted!
* * * LOW HITPOINT WARNING * * *
You are too injured to fight recklessly!
You are too injured to fight recklessly!
Wield which item (- for none, * to show all)? (? for menu, Esc to quit)
Okay, then.
Read which item? (? for menu, Esc to quit)
As you read the scroll of teleportation, it crumbles to dust.
You feel strangely unstable. The gnoll hits you but does no damage.
You are electrocuted!
You die...

#.......<.# #g.#
#..#####..######..#
#.............#
.##.###..#####.#
#.# ...[.....# #.#
#.# ###.###.## #.#
#.# ##.###.######.#
#.#
#..............#
#.#
........####@###
#.# # #.#######
#g########.#.#
#)...........#
##########.### ..#
####


You could see a gnoll.

Vanquished Creatures
  A centaur (D:5)
  An ogre (D:4)
  An orc wizard (D:4)
  A worker ant (D:4)
  A giant frog skeleton (D:5)
  A hound (D:4)
  2 iguanas (D:4)
  6 adders
  7 gnolls
  A shadow imp (D:5)
  4 oozes
  An adder skeleton (D:4)
  3 worms
  4 giant geckos
  9 orcs
  3 ball pythons
  7 bats
  4 giant cockroaches
  12 hobgoblins
  12 jackals
  2 quokkas (D:3)
  5 giant newts
  11 goblins
  6 kobolds
  12 rats
117 creatures vanquished.

Notes
Turn   | Place    | Note
--------------------------------------------------------------
     0 | D:1      | Reg the Centaur Fighter began the quest for the Orb.
     0 | D:1      | Reached XP level 1. HP: 19/19 MP: 1/1
   152 | D:1      | Reached XP level 2. HP: 10/26 MP: 2/2
  1020 | D:1      | Reached XP level 3. HP: 22/31 MP: 3/3
  2058 | D:2      | Found a bloodstained altar of Trog.
  2471 | D:2      | Found an iron altar of Okawaru.
  2641 | D:2      | Found a deep blue altar of Sif Muna.
  2691 | D:2      | Reached skill level 1 in Dodging
  2744 | D:2      | Found a snail-covered altar of Cheibriados.
  2975 | D:2      | Reached XP level 4. HP: 33/38 MP: 4/4
  3788 | D:2      | Found a sparkling altar of Nemelex Xobeh.
  3998 | D:3      | Found a shattered altar of Ashenzari.
  4001 | D:3      | Found a shimmering altar of Xom.
  4004 | D:3      | Found a basalt altar of Yredelemnul.
  4082 | D:3      | Reached XP level 5. HP: 31/45 MP: 5/5
  4770 | D:3      | Found a shadowy altar of Dithmenos.
  5431 | D:4      | Found a burning altar of Makhleb.
  5436 | D:4      | Noticed an Executioner
  5446 | D:4      | Found a glowing silver altar of Zin.
  5446 | D:4      | Noticed an angel
  6412 | D:4      | Reached XP level 6. HP: 45/52 MP: 6/6
  6547 | D:4      | Noticed an ogre
  6554 | D:4      | Killed an ogre
  6554 | D:4      | Reached skill level 1 in Maces & Flails
  6571 | D:4      | Reached skill level 4 in Fighting
  6933 | D:5      | Entered Level 5 of the Dungeon
  6974 | D:5      | Reached XP level 7. HP: 41/59 MP: 7/7
  7058 | D:5      | HP: 1/60 [gnoll/whip of electrocution (13)]
  7059 | D:5      | Demolished by a gnoll

Action                   |  1- 3 |  4- 6 |  7- 9 || total
-------------------------+-------+-------+-------++-------
Melee: Long sword        |    70 |       |       ||    70
       Mace              |    54 |   127 |    22 ||   203
       Short sword       |   172 |    82 |       ||   254
       Falchion          |       |    81 |       ||    81
  Use: Scroll            |       |     8 |     1 ||     9
  Eat: Bread ration      |     1 |     1 |       ||     2
       Meat ration       |       |     1 |       ||     1
       Pizza             |       |     1 |       ||     1
       Chunk             |       |     2 |       ||     2
